 Dungeon Crawl Stone Soup version 0.28-a0-265-g048bc9fd10 (webtiles) character file.

Game seed: 531500493930086618

10 theanonym the Sneak (level 2, 0/24 HPs)
             Began as a Mummy Delver on Aug 27, 2021.
             Killed from afar by a dart slug (2 damage)
             ... with a slug dart
             ... on level 1 of the Dungeon.
             The game lasted 00:02:21 (601 turns).

theanonym the Sneak (Mummy Delver)                   Turns: 601, Time: 00:02:21

Health: 0/24       AC:  7    Str: 15    XL:     2   Next: 10%
Magic:  2/2        EV: 10    Int:  9    God:
Gold:   0          SH:  5    Dex: 13    Spells: 1/1 levels left

rFire   x . .      SeeInvis .   a - +0 mace
rCold   + . .      Faith    .   (no shield)
rNeg    + + +      Spirit   .   h - +0 ring mail
rPois   ∞          Reflect  +   (no helmet)
rElec   .          Harm     .   (no cloak)
rCorr   .          Rampage  .   d - +1 pair of gloves
Will    .....                   (no boots)
Stlth   ++........              e - amulet of reflection
HPRegen 0.08/turn               (no ring)
MPRegen 0.08/turn               (no ring)

@: no status effects
A: cold resistance 1, negative energy resistance 3, torment resistance 2, heat
vulnerability 1, no potions
a: no special abilities


Innate Abilities, Weirdness & Mutations

You are immune to poison.
Your flesh is cold resistant. (rC+)
You are immune to negative energy. (rN+++)
You are immune to unholy pain and torment.
You are vulnerable to heat. (rF-)
You do not drink.


   Skills:
 + Level 3.2 Fighting
 * Level 2.1 Maces & Flails
 - Level 1.5 Dodging
 - Level 4.1 Stealth


You had one spell level left.
You didn't know any spells.
Your spell library was empty.

Skill      XL: |  1 |
---------------+----+-----
Maces & Flails | 2 |  2.1
Fighting       | |  3.2
Dodging        | |  1.5
Stealth        | |  4.1

Action                   || total
-------------------------++-------
Melee: Mace              ||    31
  Use: Scroll            ||     4
 Stab: Sleeping          ||     3
Armor: Leather armour    ||     4
       Ring mail         ||    16
Dodge: Dodged            ||    30

Inventory:

Hand Weapons
 a - a +0 mace (weapon)
Armour
 b - a +0 leather armour
 d - a +1 pair of gloves (worn)
 h - a +0 ring mail (worn)
Jewellery
 e - an amulet of reflection (around neck)
Wands
 c - a wand of digging (3)
Scrolls
 f - a scroll of fog
 y - a scroll of magic mapping


You were on level 1 of the Dungeon.
You visited 1 branch of the dungeon, and saw 5 of its levels.

Dungeon Overview and Level Annotations

Branches:
Dungeon (5/15)
 Temple: D:4-7

Altars:
Cheibriados
Dithmenos

Annotations:
D:2 Terence
D:4 exclusion: scorpion

# . ## . .## . ..##
.w# #.# #@# #.# #r#
#g# ##.## ###hg.#
###########.....#
##..............(#
##..#####.........#


You could see a dart slug, a jackal, 2 hobgoblins and a rat.

Notes
Turn   | Place    | Note
-------+----------+-------------------------------------------
     0 | D:5      | theanonym the Mummy Delver began the quest for the Orb.
     0 | D:5      | Reached XP level 1. HP: 18/18 MP: 1/1
     5 | D:4      | Found a snail-covered altar of Cheibriados.
    56 | D:4      | Noticed a scorpion
    75 | D:4      | Found a shadowy altar of Dithmenos.
    90 | D:4      | HP: 9/18 [hobgoblin (3)]
   298 | D:4      | Noticed an ogre
   301 | D:4      | Noticed a hound
   301 | D:4      | Noticed a hound
   413 | D:4      | Reached skill level 2 in Maces & Flails
   458 | D:4      | Reached XP level 2. HP: 24/24 MP: 2/2
   466 | D:3      | Noticed Terence
   479 | D:2      | HP: 10/24 [Terence (6)]
   513 | D:1      | HP: 10/24 [frilled lizard (3)]
   522 | D:1      | HP: 6/24 [frilled lizard (3)]
   561 | D:1      | HP: 5/24 [rat (1)]
   575 | D:1      | HP: 5/24 [hobgoblin (1)]
   580 | D:1      | HP: 3/24 [hobgoblin (2)]
   581 | D:1      | HP: 1/24 [hobgoblin (2)]
   601 | D:1      | Killed from afar by a dart slug

Vanquished Creatures
  An endoplasm (D:4)
  A giant cockroach (D:4)
  3 hobgoblins (D:4)
  A jackal (D:1)
  A ball python (D:4)
  A frilled lizard (D:1)
  A kobold (D:4)
9 creatures vanquished.

Table legend: (Time is in decaauts)
 A = Elapsed time spent in this place.
 B = Non-inter-level travel time spent in this place.
 C = Inter-level travel time spent in this place.
 D = Time resting spent in this place.
 E = Time spent auto-exploring this place.
 F = Levels seen in this place.
 G = Mean time per level.
                   A        B        C        D        E       F      G
               +--------+--------+--------+--------+--------+-----+--------+
         Total |    609 |    602 |      7 |    267 |    100 |   5 |  121.8 |
       Dungeon |    609 |    602 |      7 |    267 |    100 |   5 |  121.8 |
               +--------+--------+--------+--------+--------+-----+--------+

Top non-repeatable levels by time:
     D:4: 467 daAuts
     D:1: 103 daAuts
     D:2: 29 daAuts
     D:5: 5 daAuts
     D:3: 4 daAuts
